Map: Lost and Found LE

Players

HuT

  • Race: Terran Terran
  • Spawn Location: 7:00

JonSnow - Winner!

  • Race: Zerg Zerg
  • Spawn Location: 1:00

Event: WCS Montreal 2018

VOD

Have the link to the VOD?

Description

Time

  • Played on: Sept. 7, 2018, 8:56 p.m.
  • Length: 16:22

All games in this series

Show
View Real Time Build Order
Export as new Build Order

HuT Terran 

Build Orders: Gas First Reaper Expand, Hellion Opening, Reaper Expand, Bio Tank 

Get SALT Encoding   

  12  0:00  SCV  
  13  0:12  SCV  
  14  0:16  Supply Depot  
  14  0:25  SCV  
  15  0:28  Refinery  
  15  0:38  SCV  
  16  0:44  Barracks  
  16  0:50  SCV  
  17  1:02  SCV  
  18  1:14  SCV  
  19  1:30  Orbital Command  
  19  1:31  Reaper  
  20  1:40  Command Center  
  20  1:50  Factory  
  20  1:56  SCV  
  21  2:06  Barracks Reactor  
  21  2:07  Refinery  
  21  2:09  SCV  
  21  2:12  Supply Depot  
  22  2:21  SCV  
  23  2:34  SCV  
  24  2:39  Starport  
  24  2:45  Hellion x2  
  24  2:46  SCV  
  24  2:47  Barracks Tech Lab  
  29  2:54  Orbital Command  
  29  3:00  SCV  
  30  3:06  Hellion x2  
  34  3:21  SCV x2  
  34  3:23  Viking  
  34  3:24  Barracks Tech Lab  
  38  3:32  Hellion x2  
  38  3:33  Supply Depot  
  42  3:41  SCV  
  42  3:42  SCV  
  42  3:45  Marine  
  45  3:53  SCV  
  45  3:54  SCV  
  47  3:58  Supply Depot  
  47  4:00  Hellion  
  49  4:02  Supply Depot  
  49  4:03  Hellion  
  49  4:07  Stimpack  
  52  4:10  SCV x2  
  53  4:22  Hellion  
  55  4:24  Hellion  
  55  4:26  Starport Reactor  
  57  4:31  Command Center  
  57  4:32  Supply Depot, SCV  
  57  4:35  Marine  
  59  4:43  SCV  
  59  4:44  SCV  
  61  4:52  Siege Tank  
  64  4:53  Barracks  
  64  4:55  Barracks  
  64  4:57  Supply Depot  
  64  4:58  Marine  
  64  4:59  SCV  
  67  5:00  SCV  
  67  5:13  Starport Reactor  
  62  5:15  SCV x2  
  60  5:22  Marine  
  60  5:26  Siege Tank  
  60  5:27  Engineering Bay  
  60  5:28  Engineering Bay, SCV  
  59  5:34  SCV  
  59  5:35  Refinery x2  
  54  5:40  SCV  
  55  5:42  Barracks  
  55  5:43  Orbital Command, Barracks  
  55  5:47  Marine x3  
  58  5:51  Medivac x2  
  58  5:57  Marine x2  
  62  5:58  SCV  
  65  6:05  Siege Tank, Marine  
  65  6:07  Marine x2  
  65  6:11  Orbital Command, SCV x2  
  73  6:14  Terran Infantry Weapons Level 1, Marine  
  73  6:15  Marine  
  73  6:16  Terran Infantry Armor Level 1  
  75  6:22  Supply Depot  
  75  6:23  Supply Depot  
  75  6:26  Medivac  
  75  6:29  SCV x2  
  75  6:30  Barracks Reactor  
  79  6:37  SCV  
  80  6:41  SCV x2  
  80  6:43  Combat Shield, Barracks Reactor  
  80  6:44  Marine x5  
  87  6:49  SCV  
  87  6:53  SCV  
  89  6:55  SCV  
  89  6:57  Siege Tank, Supply Depot  
  89  7:01  SCV  
  94  7:02  Marine x2  
  94  7:05  Supply Depot, SCV  
  97  7:10  SCV  
  97  7:13  SCV  
  97  7:15  Marine x3  
  99  7:16  Marine x2  
  99  7:17  SCV  
  99  7:19  Marine  
  99  7:20  Marine x2  
  99  7:21  Marine  
  99  7:22  Armory, SCV  
  110  7:24  Supply Depot  
  110  7:29  Supply Depot, Factory  
  110  7:30  SCV x2  
  110  7:32  Medivac  
  110  7:33  Marine x3  
  110  7:34  SCV  
  110  7:35  Medivac  
  120  7:42  Refinery  
  120  7:45  Refinery  
  120  7:47  Supply Depot, SCV x3  
  120  7:48  Marine  
  120  7:49  Marine x2  
  126  7:52  Siege Tank, Supply Depot  
  129  8:00  Supply Depot, SCV x3  
  129  8:04  Marine x6  
  138  8:10  Marine x3  
  140  8:13  Factory Tech Lab  
  140  8:15  Terran Infantry Weapons Level 2  
  140  8:19  Terran Infantry Armor Level 2  
  140  8:21  Marine  
  140  8:22  Marine x3  
  140  8:26  Siege Tank  
  147  8:28  Marine x4  
  147  8:33  Marine  
  152  8:39  Marine x3  
  152  8:40  Supply Depot  
  155  8:48  Terran Vehicle Weapons Level 1  
  155  8:50  Barracks  
  155  8:52  Barracks x2, Marine x3  
  155  8:55  Marine x3  
  159  8:59  Siege Tank  
  159  9:02  Siege Tank  
  167  9:07  Medivac x2  
  171  9:20  Command Center  
  164  9:26  Marine x2  
  164  9:28  Marine x2  
  165  9:34  Marine x3  
  165  9:35  Siege Tank x2  
  173  9:39  Bunker  
  156  9:56  Marine x6  
  156  9:57  Barracks Tech Lab  
  156  9:58  Command Center  
  162  10:00  Barracks Tech Lab x2  
  162  10:01  Marine  
  163  10:07  Siege Tank  
  163  10:08  SCV x3  
  163  10:09  Marine x2  
  163  10:14  Marine  
  171  10:15  Siege Tank  
  171  10:20  SCV, Marine x2  
  171  10:21  Marine x2  
  179  10:30  Marine  
  179  10:32  Marine x2  
  179  10:33  Marine x2  
  179  10:34  Marine  
  179  10:35  Marine x2  
  180  10:39  Siege Tank  
  180  10:40  Marine  
  180  10:41  Supply Depot  
  180  10:42  Marine  
  181  10:53  Marine  
  181  10:54  Marine  
  181  10:55  Supply Depot, Terran Infantry Weapons Level 3  
  178  10:57  Marine  
  178  11:02  Marine  
  178  11:03  Marine x2  
  168  11:07  Marine x2  
  168  11:09  Marine x3  
  162  11:14  Marine x2  
  162  11:15  Marine  
  165  11:18  Marine  
  165  11:19  Liberator  
  165  11:20  Marine, Liberator  
  165  11:25  Ghost Academy  
  167  11:30  Terran Ship Weapons Level 1  
  168  12:09  Marauder x3, Marine x4  
  168  12:10  Marauder  
  168  12:15  Siege Tank x2  
  151  12:19  Medivac  
  151  12:20  Medivac  
  136  12:28  Command Center  
  135  12:34  Ghost  
  135  12:35  Ghost  
  139  12:44  Ghost  
  138  12:47  Ghost  
  142  13:02  Ghost  
  142  13:03  Ghost  
  139  13:17  Ghost  
  141  13:22  Ghost  
  141  13:26  Supply Depot x2  
  143  13:31  Ghost  
  143  13:32  Ghost  
  147  13:42  Supply Depot x2  
  147  13:43  Supply Depot  
  147  13:45  Ghost  
  147  13:48  Orbital Command  
  149  13:51  Ghost  
  150  13:59  Ghost  
  150  14:00  Ghost  
  154  14:03  Sensor Tower  
  154  14:08  Sensor Tower  
  154  14:18  Refinery  
  154  14:23  Marine, Ghost  
  153  14:30  Liberator x2  
  149  14:33  Ghost  
  149  14:35  Ghost  
  130  14:55  Ghost  
  130  14:56  Marine  
  130  14:57  Marine x4  
  137  15:16  Unknown x3  
  137  15:24  Ghost  
  137  15:30  Medivac  
  137  15:32  Bunker, Marine x5  
  137  15:34  Orbital Command  
  144  15:36  Refinery  
  144  15:48  Ghost  
  144  15:49  Marine x5  
  151  15:50  Marine x4  
  151  15:54  Marine  
  151  15:55  Marine  
  157  16:00  Refinery  
  157  16:08  Unknown  
Show
View Real Time Build Order
Export as new Build Order

JonSnow Zerg - Winner!

Build Orders: Hatch First 

Get SALT Encoding   

  12  0:00  Drone  
  13  0:13  Overlord  
  13  0:17  Drone  
  14  0:31  Drone x2  
  16  0:47  Hatchery  
  15  0:52  Drone  
  15  0:55  Drone  
  17  0:59  Drone  
  18  1:06  Extractor  
  17  1:13  Spawning Pool  
  17  1:17  Drone  
  17  1:21  Drone  
  18  1:30  Drone  
  19  1:40  Drone  
  20  1:50  Overlord  
  20  2:00  Zergling x2, Queen x2  
  20  2:01  Zergling x2  
  26  2:07  Metabolic Boost  
  26  2:11  Zergling x2  
  27  2:29  Hatchery  
  26  2:30  Drone  
  26  2:35  Drone  
  28  2:40  Drone x2  
  30  2:47  Queen  
  32  2:53  Overlord  
  32  3:00  Drone x2  
  32  3:01  Drone  
  32  3:05  Overlord  
  35  3:10  Drone  
  35  3:11  Drone  
  37  3:18  Drone x2  
  37  3:19  Drone x2  
  40  3:24  Queen  
  42  3:29  Zergling x4  
  42  3:33  Overlord  
  44  3:40  Zergling x2  
  44  3:41  Zergling x2  
  46  3:44  Drone x4  
  50  3:51  Queen  
  50  3:52  Zergling x4  
  54  3:57  Lair  
  54  4:02  Queen  
  56  4:05  Drone  
  57  4:11  Overlord  
  57  4:21  Overlord  
  57  4:25  Spore Crawler, Drone  
  57  4:28  Queen  
  57  4:29  Overlord, Drone x3  
  62  4:34  Baneling Nest, Extractor, Drone  
  62  4:35  Extractor  
  62  4:37  Drone  
  62  4:38  Drone  
  62  4:44  Queen  
  64  4:46  Drone x2  
  64  4:48  Drone  
  64  4:51  Spore Crawler  
  66  4:59  Drone x5  
  71  5:10  Zergling x8  
  70  5:21  Drone x8  
  66  5:29  Drone x3  
  66  5:32  Drone  
  67  5:37  Drone  
  68  5:48  Drone  
  68  5:49  Drone x5  
  72  5:57  Evolution Chamber  
  72  5:58  Overlord, Evolution Chamber  
  72  5:59  Drone  
  72  6:01  Overlord  
  71  6:06  Centrifical Hooks  
  71  6:10  Overseer  
  71  6:13  Drone x2  
  73  6:19  Drone  
  73  6:20  Drone x5  
  73  6:22  Drone x2  
  73  6:25  Zerg Melee Weapons Level 1  
  81  6:32  Zerg Ground Armor Level 1  
  81  6:33  Drone x4  
  81  6:37  Extractor  
  84  6:40  Hydralisk Den, Extractor  
  84  6:44  Hatchery  
  81  6:52  Zergling x14  
  81  6:54  Baneling x4  
  87  7:00  Zergling x2  
  87  7:01  Zergling x2  
  89  7:03  Overlord x3  
  89  7:08  Infestation Pit  
  88  7:14  Drone  
  88  7:15  Drone x2  
  89  7:19  Grooved Spines  
  89  7:21  Drone  
  89  7:22  Drone x4  
  94  7:24  Drone  
  94  7:25  Drone x2  
  97  7:33  Drone x5  
  102  7:38  Hatchery  
  102  7:42  Hydralisk  
  102  7:43  Hydralisk x2  
  107  7:47  Baneling x2  
  107  7:51  Hive  
  107  7:54  Extractor, Drone x4  
  107  7:56  Baneling  
  107  7:57  Baneling  
  110  8:01  Baneling  
  110  8:02  Zergling x14  
  117  8:11  Overlord  
  116  8:14  Extractor  
  115  8:21  Hatchery  
  115  8:26  Zerg Ground Armor Level 2, Zerg Melee Weapons Level 2  
  114  8:27  Hydralisk x3  
  114  8:30  Muscular Augments, Zergling x4  
  114  8:31  Zergling x6  
  125  8:36  Overlord x3  
  125  8:42  Overlord  
  125  8:47  Burrow  
  125  8:50  Zergling x18  
  125  8:54  Baneling x2  
  133  8:57  Overlord  
  133  9:04  Viper x3  
  133  9:07  Zergling x20  
  152  9:12  Ultralisk Cavern  
  151  9:21  Overlord  
  151  9:22  Drone x3  
  147  9:25  Extractor, Zergling x4  
  147  9:26  Zergling x16  
  156  9:36  Overlord  
  156  9:37  Overlord, Overseer  
  151  9:52  Adrenal Glands  
  144  9:55  Drone x3  
  147  10:02  Overlord, Chitinous Plating  
  147  10:03  Ultralisk x2  
  147  10:04  Zergling x24  
  171  10:09  Ultralisk  
  171  10:11  Baneling x3, Overlord  
  171  10:14  Drone x3  
  179  10:15  Baneling  
  179  10:16  Baneling x3  
  178  10:28  Baneling x8  
  177  10:29  Zergling x8  
  168  10:36  Ultralisk  
  173  10:43  Hatchery  
  173  10:44  Ultralisk  
  173  10:46  Zergling x2  
  173  10:47  Zergling x12  
  185  10:50  Baneling x2  
  184  11:00  Ultralisk  
  184  11:01  Zergling x16  
  194  11:08  Zergling x4, Ultralisk  
  191  11:14  Zerg Melee Weapons Level 3  
  191  11:15  Zergling x2  
  191  11:16  Zergling x6  
  192  11:23  Ultralisk  
  193  11:37  Ultralisk  
  193  11:38  Zergling x4  
  199  11:40  Baneling x4  
  199  11:45  Hatchery  
  198  11:50  Zerg Ground Armor Level 3  
  199  12:04  Hatchery  
  192  12:11  Zergling x18, Ultralisk x2  
  192  12:12  Zergling x2  
  192  12:14  Zergling x14  
  186  12:20  Zergling x4, Ultralisk  
  182  12:28  Viper  
  182  12:31  Drone x4  
  182  12:32  Drone  
  186  12:48  Hydralisk x4  
  186  12:50  Infestor x2  
  198  12:54  Baneling x3  
  197  13:02  Zergling x6  
  198  13:07  Hatchery  
  196  13:19  Spire, Drone x4  
  199  13:21  Extractor  
  199  13:24  Extractor  
  197  13:28  Baneling  
  197  13:29  Baneling  
  197  13:34  Baneling x2  
  196  13:48  Zergling x2  
  196  13:49  Zergling x2  
  196  13:54  Hatchery  
  197  13:57  Zerg Missile Weapons Level 1  
  197  13:59  Queen  
  199  14:12  Drone  
  199  14:23  Drone x2  
  196  14:27  Drone x3  
  196  14:28  Drone x2  
  198  14:31  Spire  
  198  14:36  Ultralisk  
  197  14:42  Overlord  
  197  14:50  Drone x2  
  199  15:03  Hatchery  
  187  15:22  Drone x3  
  187  15:24  Zergling x24  
  198  15:29  Baneling x3  
  198  15:30  Baneling x2  
  198  15:33  Overseer  
  185  15:51  Zergling x4  
  185  15:52  Zergling x14  
  185  15:53  Baneling, Spire  
  185  15:54  Baneling x21  
  185  15:56  Overlord  
Tags
 
Add a new tag
Caveats
  • Supply blocks, unpowered buildings, or Contaminate may cause inaccurate times.
  • Supply counts are checked every 10 seconds.